 Dungeon Crawl Stone Soup version 0.22-a0-803-gd6d8abeff0 (webtiles) character file.

81 Holzbalken the Twirler (level 4, 0/33 HPs)
             Began as a Demonspawn Gladiator on July 22, 2018.
             Succumbed to Robin's poison
             ... on level 2 of the Dungeon.
             The game lasted 00:03:34 (959 turns).

Holzbalken the Twirler (Demonspawn Gladiator)        Turns: 959, Time: 00:03:35

Health: 0/33       AC:  8    Str: 16    XL:     4   Next: 20%
Magic:  4/4        EV: 11    Int:  9    God:
Gold:   21         SH:  0    Dex: 14    Spells: 3/3 levels left

rFire    . . .     SeeInvis .   a - +0 quarterstaff
rCold    . . .     Gourm    .   (shield currently unavailable)
rNeg     . . .     Faith    .   j - +0 ring mail
rPois    .         Spirit   .   c - +0 helmet
rElec    .         Reflect  .   (no cloak)
rCorr    .         Harm     .   (no gloves)
MR       .....                  (no boots)
Stlth    +.........             (no amulet)
HPRegen  0.11/turn              (no ring)
MPRegen  0.09/turn              (no ring)

@: lethally poisoned (0 -> -1)
A: iridescent scales 1, powered by pain 1
a: no special abilities


You were on level 2 of the Dungeon.
You were not hungry.

You visited 1 branch of the dungeon, and saw 2 of its levels.

You collected 21 gold pieces.

Inventory:

Hand Weapons
 a - a +0 quarterstaff (weapon)
Missiles
 d - 3 throwing nets (quivered)
Armour
 b - a +0 leather armour
 c - a +0 helmet (worn)
 j - a +0 ring mail (worn)
Scrolls
 e - a scroll of teleportation {unknown}
 h - a scroll of remove curse {unknown}
Comestibles
 f - 3 rations
 g - 3 chunks of flesh


   Skills:
 - Level 2.0 Fighting
 + Level 4.6 Staves
 - Level 1.7 Throwing
 - Level 2.6 Dodging


You had 3 spell levels left.
You didn't know any spells.
Your spell library was empty.

Dungeon Overview and Level Annotations

Branches:
Dungeon (2/15)

Altars:
Nemelex Xobeh


Innate Abilities, Weirdness & Mutations

You are partially covered in iridescent scales. (AC +2)
You sometimes gain a little power by taking damage.


Message History

You feel sick.
You start resting.
You feel sick. x3
You feel less wooden.
Your +0 helmet unmelds from your body.
Your +0 ring mail unmelds from your body.
* * * LOW HITPOINT WARNING * * *
You feel sick.
You aren't carrying any potions.
Items here: ( )))) [[ †††
Okay, then.
You see here a stone.
Items here: ( )))) [[ †††
* * * LOW HITPOINT WARNING * * *
You feel sick.
Things that are here:
a club; a stone
There is a lethal amount of poison in your body!
Items here: ( )))) [[ ††† You die...

......... .##. .#.
#....... ....#.. .
.#....... #. ...##.
......... ##. .....
#........ #..
#..######........
#####..##.........#.....#
#......#..(#.............
#.†(@..>...........(.
#...##)#...............
#.... #.#...............
.... #)##..............
..# #..##.............. .
#..####............. #.#
##...........# ..
#..###..###.. #.# ##.#
##..##⌠.


There were no monsters in sight!

Vanquished Creatures
  Robin (D:2)
  An adder (D:2)
  2 oozes (D:1)
  A worm (D:2)
  A dart slug (D:2)
  3 giant cockroaches (D:1)
  14 goblins
  4 hobgoblins
  2 jackals (D:1)
  2 kobolds (D:1)
  8 bats (D:1)
  A frilled lizard (D:2)
  3 rats (D:1)
43 creatures vanquished.

Notes
Turn   | Place    | Note
-------+----------+-------------------------------------------
     0 | D:1      | Holzbalken the Demonspawn Gladiator began the quest for the Orb.
     0 | D:1      | Reached XP level 1. HP: 16/16 MP: 1/1
    49 | D:1      | Reached skill level 3 in Staves
    68 | D:1      | Gained mutation: You are partially covered in iridescent scales. (AC +2) [demonic ancestry]
    68 | D:1      | Reached XP level 2. HP: 17/22 MP: 2/2
   379 | D:1      | Gained mutation: You sometimes gain a little power by taking damage. [demonic ancestry]
   379 | D:1      | Reached XP level 3. HP: 23/27 MP: 3/3
   547 | D:1      | Reached skill level 4 in Staves
   865 | D:2      | Found a sparkling altar of Nemelex Xobeh.
   897 | D:2      | Noticed Robin
   934 | D:2      | Reached XP level 4. HP: 9/33 MP: 4/4
   939 | D:2      | Killed Robin
   951 | D:2      | HP: 1/33 [poisoned by Robin]
   959 | D:2      | Succumbed to Robin's poison

Vault maps used:
D:1:      lemuel_arrival_funnel, wad_floor_pattern_2
D:2:      first_ration, minivault_24, nemelex_xobeh_ov_fountains_minmay,
          uniq_robin

Skill      XL: |  1  2  3 |
---------------+----------+-----
Staves         | 3 4 |  4.6
Fighting       | |  2.0
Throwing       | |  1.7
Dodging        | |  2.6

Action                   |  1- 3 |  4- 6 || total
-------------------------+-------+-------++-------
Melee: Quarterstaff      |   131 |     7 ||   138
  Use: Potion            |     1 |       ||     1
Armor: Leather armour    |    64 |       ||    64
       Skin              |    19 |     2 ||    21
       Ring mail         |    10 |       ||    10
Dodge: Dodged            |   115 |     1 ||   116

Table legend:
 A = Spawn XP
 B = Non-spawn XP
 C = Spawn XP percentage of total XP
 D = Spawn monster count
 E = Non-spawn monster count
 F = Spawn count percentage of total count
 G = Total turns spent on level
                    A         B        C        D         E        F      G
               +---------+---------+-------+---------+---------+-------+---------
         Total |       0 |     117 |   0.0 |       0 |      43 |   0.0 |   959
               +---------+---------+-------+---------+---------+-------+---------
           D:1 |       0 |      52 |   0.0 |       0 |      25 |   0.0 |   744
           D:2 |       0 |      65 |   0.0 |       0 |      18 |   0.0 |   215
               +---------+---------+-------+---------+---------+-------+---------
